 Dungeon Crawl Stone Soup version 0.30-a0-39-g42789b21ef (webtiles) character file.

Game seed: 11818124443118403304

2090 ytrimaz the Changer (level 9, -5/59 HPs)
             Began as an Octopode Transmuter on Aug 29, 2022.
             Was an Initiate of Ashenzari.
             Slain by an orc warrior
             ... wielding a +0 glaive
              (12 damage)
             ... in a bailey.
             The game lasted 00:09:06 (6775 turns).

ytrimaz the Changer (Octopode Transmuter)           Turns: 6775, Time: 00:09:07

Health: -5/59      AC:  9    Str: 10    XL:     9   Next: 27%
Magic:  0/18       EV: 13    Int: 19    God:    Ashenzari [......]
Gold:   365        SH:  0    Dex: 12    Spells: 10/20 levels left

rFire   . . .      SeeInvis .      - Unarmed
rCold   . . .      Faith    .    (no shield)
rNeg    . . .      Spirit   +    (helmet restricted)
rPois   .          Reflect  .    d - amulet of guardian spirit
rElec   .          Harm     .    f - ring of Panopticon {AC+4, Alch, Bglg} (curse)
rCorr   .          Rampage  .    g - +4 ring of protection
Will    ++...                    l - ring of willpower
Stlth   ++........               n - ring of willpower
HPRegen 0.19/turn                (no ring)
MPRegen 0.16/turn                (no ring)
                                 (no ring)
                                 (no ring)

@: wereblooded (expiring)
A: almost no armour, amphibious, 8 rings, camouflage 1, gelatinous body 1,
(nimble swimmer 1), tentacles
a: Renounce Religion, Curse Item, Shatter the Chains


You were in a bailey.
You worshipped Ashenzari.
Ashenzari was noncommittal.
You visited 1 branch of the dungeon, and saw 7 of its levels.
You also visited: Bailey.

You collected 365 gold pieces.

Inventory:

Jewellery
 d - an amulet of guardian spirit (around mantle)
 f - the cursed ring of Panopticon (left tentacle) {AC+4, Alch, Bglg}
   (You found it on level 3 of the Dungeon)

   [ring of protection]

   AC:        It affects your AC (+4).
   It has a curse which improves the following skills: Alchemy: Poison Magic and
   Transmutations.
   Beguiling: Conjurations, Hexes and Translocations.
 g - a +4 ring of protection (right tentacle)
 l - a ring of willpower (on tentacle)
 n - a ring of willpower (on tentacle)
Wands
 a - a wand of iceblast (19)
Scrolls
 b - a scroll of teleportation
 c - 2 scrolls of fear
Potions
 e - 2 potions of curing
 h - a potion of mutation
 i - 6 potions of heal wounds
 j - a potion of haste
 k - a potion of attraction {unknown}
 m - a potion of berserk rage {unknown}
 o - a potion of magic {unknown}
 p - a potion of resistance {unknown}
 q - 2 potions of cancellation {unknown}
 r - a potion of might {unknown}


   Skills:
 + Level 4.3 Fighting
 - Level 2.0 Dodging
 - Level 4.2 Unarmed Combat
 + Level 6.3 Spellcasting
 + Level 6.5(7.0) Transmutations
 - Level 4.0 Ice Magic
 - Level 4.0(4.3) Poison Magic


You had 10 spell levels left.
You knew the following spells:

 Your Spells              Type           Power      Damage    Failure   Level
a - Beastly Appendage     Tmut           64%        N/A       1%          1
b - Wereblood             Tmut           32%        N/A       1%          2
c - Spider Form           Tmut/Pois      27%        N/A       3%          3
d - Ice Form              Ice/Tmut       26%        N/A       11%         4

Your spell library contained the following spells:

 Spells                   Type           Power      Damage    Failure   Level
 Gell's Gravitas          Tloc           6%         N/A       32%         3
 Lesser Beckoning         Tloc           6%         N/A       32%         3
 Teleport Other           Tloc           6%         N/A       32%         3
 Anguish                  Hex/Necr       3%         N/A       71%         4
 Enfeeble                 Hex            3%         N/A       100%        7


Dungeon Overview and Level Annotations

Branches:
Dungeon (7/15)             Temple (0/1) D:5          Bailey (1/1)

Altars:
Ashenzari
Fedhas
Gozag
Nemelex Xobeh
Trog

Shops:
D:2 (   D:5 (

Annotations:
D:4 3 runed translucent doors, crescentfresh's ghost, amateur OpVM
D:6 4 runed translucent doors, Crazy Yiuf; siradein's ghost, novice HOFi


Innate Abilities, Weirdness & Mutations

You cannot wear most types of armour.
You are amphibious.
You can wear up to eight rings at the same time.
Your skin changes colour to match your surroundings (Stealth+).
Your rubbery body absorbs attacks. (AC +1, EV +1)
((You are camouflaged when in or above water. (Stealth+)))
You have tentacles for arms and can constrict up to eight enemies at once.


Message History

The orc warrior completely misses you. The orc hits you but does no damage.
You bite the orc!
You feel a bit better.
You kill the orc!
The orc warrior closely misses you.
Your transformation is almost over.
The orc warrior misses you.
The orc warrior hits you with a +0 halberd.
The orc completely misses you.
There is an open door, spattered with blood here.
Things that are here:
a +0 hand axe; an orc corpse You hit the orc warrior.
The orc warrior is poisoned.
The orc warrior is lightly wounded.
The orc warrior misses you. The orc warrior closely misses you.
The orc closely misses you. x2
You barely miss the orc warrior.
The orc warrior is lightly wounded.
You hiss as the wereblood boils in your veins!
The orc warrior completely misses you. The orc hits you but does no damage.
The orc warrior barely misses you. The orc closely misses you.
The orc hits you from afar with a +0 halberd!
The orc warrior attacks as you move away!
The orc warrior closely misses you. The orc warrior misses you.
You hiss as the wereblood boils in your veins!
You hiss as the wereblood boils in your veins!
The orc warrior hits you with a +0 glaive!
* * * LOW HITPOINT WARNING * * *
The orc hits you from afar with a +0 spear.
* * * LOW HITPOINT WARNING * * *
You barely miss the orc warrior.
Unknown command.
You hit the orc warrior but do no damage.
The orc warrior is poisoned.
The orc warrior misses you. The orc barely misses you.
The orc warrior hits you from afar with a +0 halberd!
* * * LOW HITPOINT WARNING * * *
Unknown command.
Your transformation has ended.
Your primal bloodlust is almost over.
The orc warrior hits you from afar with a +0 glaive!
You die...

############ #######
##.∩...)))..## ##.....######
#......#.)...######.......#....
#.....###))..#...o#o)##...'....
#∩.....8.....'@.oooo.8....'....
#...))###....#...o#o)##...)....
#.....)#.....######..)....#....
##.∩.)).....## ##o....######
############ #######


You could see 3 orc warriors and 5 orcs.

Vanquished Creatures
  Pikel (D:4)
  Grinder (D:3)
  Eustachio (D:6)
  Edmund (D:6)
  An orc warrior (Bailey)
  An ice beast (D:6)
  An ogre (D:4)
  A phantom (D:5)
  Blork the orc (D:6)
  2 necrophages
  2 bullfrogs (D:6)
  A howler monkey (D:5)
  3 hounds
  2 iguanas (D:6)
  Ijyb (D:3)
  4 orc wizards
  Robin (D:3)
  4 gnolls (D:3)
  3 adders
  An ufetubus (D:5)
  2 worms (D:3)
  4 dart slugs
  26 orcs
  4 bats
  6 endoplasms
  4 giant cockroaches
  15 goblins
  9 hobgoblins
  5 jackals
  3 quokkas (D:2)
  A ball python (D:1)
  2 frilled lizards
  11 kobolds
  9 rats
134 creatures vanquished.

Vanquished Creatures (others)
  A plant (D:3)
1 creature vanquished.

Grand Total: 135 creatures vanquished

Notes
Turn   | Place    | Note
-------+----------+-------------------------------------------
     0 | D:1      | ytrimaz the Octopode Transmuter began the quest for the
                  | Orb.
     0 | D:1      | Reached XP level 1. HP: 13/13 MP: 3/3
   288 | D:1      | Reached XP level 2. HP: 14/18 MP: 3/5
   410 | D:1      | Found a faded altar of an unknown god.
  1050 | D:2      | Learned a level 2 spell: Wereblood
  1066 | D:2      | Reached XP level 3. HP: 16/23 MP: 3/6
  1075 | D:2      | Learned a level 3 spell: Spider Form
  1413 | D:2      | Found Hojyewk's Antique Weapon Emporium.
  1722 | D:2      | Reached skill level 1 in Poison Magic
  1943 | D:3      | Reached XP level 4. HP: 20/28 MP: 3/7
  2196 | D:3      | Noticed Grinder
  2204 | D:3      | Paralysed by Grinder for 5 turns
  2214 | D:3      | Killed Grinder
  2215 | D:3      | Reached XP level 5. HP: 33/33 MP: 6/9
  2215 | D:3      | Reached XP level 6. HP: 38/38 MP: 6/10
  2220 | D:3      | Learned a level 4 spell: Ice Form
  2247 | D:3      | Noticed Ijyb
  2256 | D:3      | Killed Ijyb
  2304 | D:3      | Noticed Robin
  2309 | D:3      | Killed Robin
  2319 | D:3      | Reached skill level 1 in Ice Magic
  2388 | D:3      | Found a blossoming altar of Fedhas.
  3233 | D:4      | Reached XP level 7. HP: 43/43 MP: 9/12
  3611 | D:4      | Noticed Pikel
  3635 | D:4      | Killed Pikel
  3636 | D:4      | Reached XP level 8. HP: 47/48 MP: 3/15
  3726 | D:4      | Found a bloodstained altar of Trog.
  3776 | D:4      | Noticed crescentfresh's ghost (amateur OpVM)
  3778 | D:4      | Found a runed translucent gate.
  3779 | D:4      | Found a runed translucent gate.
  3783 | D:4      | Found a runed translucent gate.
  3959 | D:4      | Found a sparkling altar of Nemelex Xobeh.
  3959 | D:4      | Found a faded altar of an unknown god.
  3967 | D:4      | Found a faded altar of an unknown god.
  3969 | D:4      | Found an opulent altar of Gozag.
  3971 | D:4      | Found a broken altar of Ashenzari.
  4119 | D:4      | Became a worshipper of Ashenzari the Shackled
  4136 | D:5      | Entered Level 5 of the Dungeon
  4148 | D:5      | Found a staircase to the Ecumenical Temple.
  4185 | D:5      | Reached skill level 5 in Spellcasting
  4367 | D:5      | Found Docvosox's Antique Weapon Emporium.
  4393 | D:5      | Identified the +1 leather armour of Nekkifif {rC+ Str+3}
  4410 | D:5      | Reached skill level 5 in Transmutations
  5093 | D:6      | Noticed Edmund
  5111 | D:6      | Killed Edmund
  5199 | D:6      | Noticed Blork the orc
  5223 | D:6      | Killed Blork the orc
  5232 | D:6      | Identified the +1 long sword "Gannal" {vorpal, rElec rC-
                  | Int+2 Dex+4}
  5497 | D:6      | Found a runed translucent gate.
  5497 | D:6      | Found a runed translucent gate.
  5500 | D:6      | Found a runed translucent gate.
  5501 | D:6      | Noticed siradein's ghost (novice HOFi)
  5502 | D:6      | Identified the +1 chain mail "Ulaoteh" {rF+ Regen+}
  5550 | D:6      | Reached XP level 9. HP: 57/57 MP: 8/17
  5821 | D:6      | Noticed Eustachio
  5843 | D:6      | Killed Eustachio
  6189 | D:6      | Found a runed translucent door.
  6190 | D:6      | Noticed Crazy Yiuf
  6396 | D:7      | Found a flagged portal.
  6413 | Bailey   | Entered a bailey
  6775 | Bailey   | Slain by an orc warrior

Illustrated notes

Levels and vault maps discovered:
D:1:      ncdulo_lavacross, layout_basic, basic_ecumenical_altar, serial_glass,
          glass_columns_b, glass_columns_b
D:2:      layout_basic, serial_shops, shop
D:3:      layout_basic, fedhas_altar_3, serial_bayou_pond_b, minivault_23,
          uniq_ijyb, uniq_robin, uniq_grinder
D:4:      layout_loops_ring, mainiacjoe_overflow_alcove_4,
          chequers_temple_overflow_minitemple, gammafunk_ghost_split, uniq_pikel
D:5:      layout_loops_ring, minmay_temple_entry_statues_fountains,
          serial_shops, nicolae_shop_statue_plus, kennysheep_donut
D:6:      layout_basic, biasface_ghost_orc_armoury,
          chequers_serial_rivers_micro_e, uniq_edmund, uniq_blork_the_orc,
          uniq_eustachio, uniq_crazy_yiuf_cottage
D:7:      layout_loops_cross, serial_shops, shop_fountains, enter_bailey_2,
          nicolae_inconvenience_store, guppyfry_early_elven_hall
Bailey:   bailey_polearm_5, bailey

Skill      XL: |  1  2  3  4  5  6  7  8  9 |
---------------+----------------------------+-----
Unarmed Combat | 4 |  4.2
Poison Magic   | 1 4 |  4.0
Spellcasting   | 3 4 5 6 |  6.3
Transmutations | 3 4 6 |  6.5
Ice Magic      | 2 4 |  4.0
Fighting       | 3 4 |  4.3
Dodging        | |  2.0

Action                   |  1- 3 |  4- 6 |  7- 9 || total
-------------------------+-------+-------+-------++-------
Melee: Unarmed           |    77 |    98 |   234 ||   409
       Kick              |    16 |     4 |       ||    20
       Constrict         |    22 |    13 |     3 ||    38
       Tentacles         |    11 |     9 |     1 ||    21
       Punch             |     4 |     2 |       ||     6
 Cast: Beastly Appendage |    22 |     2 |       ||    24
       Wereblood         |     1 |     1 |    10 ||    12
       Spider Form       |     1 |     7 |    19 ||    27
       Ice Form          |       |     1 |     8 ||     9
Invok: Curse Item        |       |       |     1 ||     1
  Use: Scroll            |     2 |     2 |     4 ||     8
       Potion            |       |     1 |     1 ||     2
 Stab: Sleeping          |     5 |     4 |       ||     9
Armor: Skin              |     2 |    26 |    91 ||   119
Dodge: Dodged            |    48 |    61 |   254 ||   363

Table legend: (Time is in decaauts)
 A = Elapsed time spent in this place.
 B = Non-inter-level travel time spent in this place.
 C = Inter-level travel time spent in this place.
 D = Time resting spent in this place.
 E = Time spent auto-exploring this place.
 F = Levels seen in this place.
 G = Mean time per level.
                   A        B        C        D        E       F      G
               +--------+--------+--------+--------+--------+-----+--------+
         Total |   6740 |   6603 |    137 |    181 |   5227 |   8 |  842.5 |
       Dungeon |   6382 |   6245 |    137 |      9 |   5217 |   7 |  911.7 |
        Bailey |    358 |    358 |      0 |    172 |     10 |   1 |  358.0 |
               +--------+--------+--------+--------+--------+-----+--------+

Top non-repeatable levels by time:
     D:6: 1390 daAuts
     D:3: 1185 daAuts
     D:4: 1046 daAuts
     D:1: 990 daAuts
     D:2: 895 daAuts
     D:5: 852 daAuts
  Bailey: 358 daAuts
     D:7: 21 daAuts
